 Dungeon Crawl Stone Soup version bcrawl-1.28.1b (webtiles) character file.

Game seed: 840092852842271498

144766 Morbidden the Ducker (level 4, 0/36 HPs)
             Began as a Demigod Archaeologist on Jan 3, 2021.
             Slain by an adder (3 damage)
             ... on level 3 of the Dungeon.
             The game lasted 00:05:08 (2022 turns).

Morbidden the Ducker (Demigod Archaeologist)        Turns: 2022, Time: 00:05:09

Health: 0/36       AC: 11    Str: 17    XL:     4   Next: 73%
Magic:  8/8        EV: 11    Int: 21    God:    Demigod [*.....]
Gold:   109        SH:  0    Dex: 15    Spells: 3/3 levels left

rFire    . . .     SeeInvis .   a - +0 whip
rCold    . . .     Gourm    .   (no shield)
rNeg     . . .     Faith    .   j - +0 scale mail
rPois    .         Spirit   .   s - +1 helmet {Int+3}
rElec    .         Reflect  .   (no cloak)
rCorr    .         Harm     .   c - +0 pair of gloves
MR       +....                  d - +1 pair of boots
Stlth    +.........             (no amulet)
HPRegen  0.12/turn              p - ring of protection from magic
MPRegen  0.11/turn              (no ring)

@: very slow
A: high mp 1
a: Temporal Distortion


You were on level 3 of the Dungeon.
You worshipped Demigod.
Demigod was aware of your devotion.
You were very hungry.

You visited 1 branch of the dungeon, and saw 3 of its levels.

You collected 109 gold pieces.

Inventory:

Hand Weapons
 a - a +0 whip (weapon)
Missiles
 b - 296 arrows
 o - 787 stones (quivered)
 q - 454 sling bullets
 r - 128 bolts
Armour
 c - a +0 pair of gloves (worn)
 d - a +1 pair of boots (worn)
 j - a +0 scale mail (worn)
 s - a +1 helmet of intelligence (worn)
Jewellery
 p - a ring of protection from magic (left hand)
Wands
 h - a wand of random effects (2)
Scrolls
 g - 2 scrolls of magic mapping
 k - 2 scrolls of remove curse
Miscellaneous
 f - a dusty tome
Comestibles
 e - 2 rations {!d}


   Skills:
 * Level 2.0 Fighting
 + Level 2.0 Maces & Flails
 + Level 0.6 Armour
 + Level 3.4 Dodging
 - Level 3.1 Stealth
 * Level 2.4 Invocations


You had 3 spell levels left.
You didn't know any spells.
Your spell library was empty.

Dungeon Overview and Level Annotations

Branches:
Dungeon (3/12)

Portals:
Sewer: D:3

Annotations:
D:3 Robin


Innate Abilities, Weirdness & Mutations

You have an increased reservoir of magic. (+10% MP)


Message History

The adder is filled with an inner flame.
The adder bites you.
* * * LOW HITPOINT WARNING * * *
The adder barely misses you.
No path to travel!
No path to travel!
Evoke which item? (* to show all) (? for menu, Esc to quit)
Aiming: Random Effects
Press: ? - help, Shift-Dir - straight line, p - adder Nothing appears to happen.
The adder bites you but does no damage. The adder closely misses you.
No path to travel!
Evoke which item? (* to show all) (? for menu, Esc to quit)
Aiming: Random Effects
Press: ? - help, Shift-Dir - straight line, f - adder
Aim: an adder The adder seems to slow down.
The adder barely misses you. The adder misses you. The adder bites you.
You die...
Your divinity fades.

,,,* *,* *,,,*,****,#.#
**** *,* *****,* #,#.# ####
*,* *,***#.#.# #...
*,*********,,,,#.#.#####...
*>,,,,,,,,,,,,,+...........
************,,,#.#.#####...
###**###...o.#...
###≈#≈≈#≈#####.###.
#≈@≈#*≈#≈#.og#.(.##
#S#S##≈*≈###o#.#.##
#≈#r#≈≈*≈# #.###.##
#≈#r#≈##≈# #o...o##
#≈#r#≈≈≈≈* ########
#≈#≈#≈#### # #∩#≈≈r≈≈≈# #
#########≈# ##≈≈≈≈≈≈†≈≈#


You could see 2 adders and 3 river rats.

Vanquished Creatures
  A crimson imp (D:3)
  4 adders (D:3)
  A worm (D:2)
  3 dart slugs
  A leopard gecko (D:1)
  3 orcs
  4 goblins
  6 hobgoblins
  3 kobolds (D:2)
  4 bats (D:1)
  3 frilled lizards
  7 rats
40 creatures vanquished.

Notes
Turn   | Place    | Note
-------+----------+-------------------------------------------
     0 | D:1      | Morbidden the Demigod Archaeologist began the quest for the
                  | Orb.
     0 | D:1      | Reached XP level 1. HP: 15/15 MP: 3/3
   118 | D:1      | Reached skill level 1 in Fighting
   145 | D:1      | Reached skill level 1 in Maces & Flails
   351 | D:1      | Reached XP level 2. HP: 23/23 MP: 4/4
   938 | D:2      | Found a glowing golden altar of the Shining One.
   966 | D:2      | Reached XP level 3. HP: 17/28 MP: 6/6
  1040 | D:2      | Reached skill level 1 in Invocations
  1217 | D:2      | Reached * piety under Demigod
  1725 | D:3      | Reached XP level 4. HP: 18/36 MP: 7/7
  1730 | D:3      | Noticed Robin
  2018 | D:3      | Found a glowing drain.
  2022 | D:3      | Slain by an adder

Skill      XL: |  1  2  3  4 |
---------------+-------------+-----
Fighting       | 1 2 |  2.0
Maces & Flails | 1 2 |  2.0
Dodging        | 3 |  3.4
Invocations    | 1 2 |  2.4
Armour         | |  0.6
Stealth        | |  3.1

Action                   |  1- 3 |  4- 6 || total
-------------------------+-------+-------++-------
Melee: Whip              |   339 |    85 ||   424
Evoke: Wand              |       |     8 ||     8
  Use: Potion            |     2 |     3 ||     5
       Scroll            |     2 |     2 ||     4
 Stab: Sleeping          |     3 |       ||     3
  Eat: Chunk             |     5 |       ||     5
       Ration            |     1 |     1 ||     2
Armor: Robe              |     2 |       ||     2
       Scale mail        |   131 |   115 ||   246
Dodge: Dodged            |   147 |   141 ||   288
